 Dungeon Crawl Stone Soup version 0.30-a0-702-gdf48620a09 (webtiles) character file.

Game seed: 12994089567066421188

15 Anon1729 the Ducker (level 2, 0/24 HPs)
             Began as a Merfolk Monk on Jan 21, 2023.
             Slain by a frilled lizard (2 damage)
             ... on level 1 of the Dungeon.
             The game lasted 00:00:20 (297 turns).

Anon1729 the Ducker (Merfolk Monk)                   Turns: 297, Time: 00:00:21

Health: 0/24       AC:  2    Str: 11    XL:     2   Next: 50%
Magic:  2/2        EV: 14    Int:  9    God:
Gold:   21         SH:  0    Dex: 16    Spells: 1/1 levels left

rFire   . . .      SeeInvis .    a - +0 falchion
rCold   . . .      Faith    .    (no shield)
rNeg    . . .      Spirit   .    b - +0 robe
rPois   .          Reflect  .    (no helmet)
rElec   .          Harm     .    (no cloak)
rCorr   .          Rampage  .    (no gloves)
Will    .....                    (no boots)
Stlth   ++                       (no amulet)
HPRegen 0.24/turn                (no ring)
MPRegen 0.08/turn                (no ring)

@: no status effects
A: (nimble swimmer 2), mertail
a: no special abilities


You were on level 1 of the Dungeon.
You visited 1 branch of the dungeon, and saw 1 of its levels.

You collected 21 gold pieces.

Inventory:

Hand Weapons
 a - a +0 falchion (weapon)
Armour
 b - a +0 robe (worn)
Scrolls
 d - a scroll of poison {unknown}
Potions
 c - a potion of ambrosia
 e - 2 potions of degeneration {unknown}
 f - a potion of might {unknown}
 g - a potion of resistance {unknown}


   Skills:
 + Level 3.5 Fighting
 + Level 3.9 Long Blades
 + Level 4.3 Dodging
 + Level 2.6 Stealth


You had one spell level left.
You didn't know any spells.
Your spell library contained the following spells:

 Spells                   Type           Power      Damage    Failure   Level
 Shock                    Conj/Air       0%         1d3       38%         1
 Hailstorm                Conj/Ice       0%         3d3       77%         3
 Swiftness                Air            0%         N/A       77%         3
 Airstrike                Air            0%         2d(0-16)  99%         4
 Ice Form                 Ice/Tmut       0%         N/A       99%         4
 Simulacrum               Ice/Necr       0%         N/A       100%        6


Dungeon Overview and Level Annotations

Branches:
Dungeon (1/15)

Altars:


Innate Abilities, Weirdness & Mutations

((You are very nimble when in or above water. (Stealth+, EV+, Speed+++)))
Your lower body shifts to a powerful aquatic tail in water.


Message History

You barely miss the frilled lizard. The frilled lizard barely misses you.
You completely miss the gnoll.
The frilled lizard bites you but does no damage.
The gnoll hits you with a +0 whip.
You hit the gnoll.
The gnoll is moderately wounded.
The frilled lizard closely misses you. The gnoll closely misses you.
You barely miss the gnoll.
The gnoll is moderately wounded.
The frilled lizard barely misses you. The gnoll misses you.
You closely miss the gnoll.
The gnoll is moderately wounded.
The frilled lizard bites you. The gnoll barely misses you.
There are monsters nearby!
There are monsters nearby!
There are monsters nearby!
The endoplasm quivers.
You hit the gnoll.
The gnoll is severely wounded.
The frilled lizard closely misses you. The gnoll barely misses you.
You closely miss the gnoll.
The gnoll is severely wounded.
The frilled lizard barely misses you. The gnoll closely misses you.
You hit the gnoll.
The gnoll is severely wounded.
The frilled lizard barely misses you. The gnoll closely misses you.
You closely miss the gnoll.
The gnoll is severely wounded.
The endoplasm hits you. The frilled lizard barely misses you.
The gnoll closely misses you.
You barely miss the gnoll.
The gnoll is severely wounded.
The endoplasm barely misses you. The frilled lizard closely misses you.
The gnoll barely misses you. The gnoll hits you with a +0 whip!
* * * LOW HITPOINT WARNING * * *
The endoplasm freezes you.
You are frozen.
* * * LOW HITPOINT WARNING * * *
The frilled lizard bites you.
You die...

###### #### ......####..
....# ..>...g†##.# ....#
......l@.#.## ....#
......#J....######....##
.#.#.#.......#.##.......
# #.#.#...#.##.....#
...#..............#
...###.#.####..#....#.
... ...#..............
.. ############.....#.
..........#...


You could see a gnoll, an endoplasm and a frilled lizard.

Vanquished Creatures
  A dart slug (D:1)
  2 endoplasms (D:1)
  2 giant cockroaches (D:1)
  3 goblins (D:1)
  2 ball pythons (D:1)
  A kobold (D:1)
  A rat (D:1)
12 creatures vanquished.

Notes
Turn   | Place    | Note
-------+----------+-------------------------------------------
     0 | D:1      | Anon1729 the Merfolk Monk began the quest for the Orb.
     0 | D:1      | Reached XP level 1. HP: 18/18 MP: 1/1
   126 | D:1      | Reached XP level 2. HP: 24/24 MP: 2/2
   297 | D:1      | Slain by a frilled lizard

Illustrated notes

Levels and vault maps discovered:
D:1:      scummos_arrival_simple_fountains, layout_basic

Action                   || total
-------------------------++-------
Melee: Falchion          ||    42
 Stab: Sleeping          ||     3
Armor: Robe              ||     7
Dodge: Dodged            ||    38

Table legend: (Time is in decaauts)
 A = Elapsed time spent in this place.
 B = Non-inter-level travel time spent in this place.
 C = Inter-level travel time spent in this place.
 D = Time resting spent in this place.
 E = Time spent auto-exploring this place.
 F = Levels seen in this place.
 G = Mean time per level.
                   A        B        C        D        E       F      G
               +--------+--------+--------+--------+--------+-----+--------+
         Total |    301 |    301 |      0 |      0 |    195 |   1 |  301.0 |
       Dungeon |    301 |    301 |      0 |      0 |    195 |   1 |  301.0 |
               +--------+--------+--------+--------+--------+-----+--------+

Top non-repeatable levels by time:
     D:1: 301 daAuts
